 Dungeon Crawl Stone Soup version 0.30-a0-553-g7fabdf1491 (webtiles) character file.

Game seed: 15730570973301592551

2000397 jfcaron the Acrobat (level 27, 184/184 (224) HPs)
             Began as a Gnoll Hexslinger on Dec 24, 2022.
             Was the Champion of Okawaru.
             Escaped with the Orb
             ... and 4 runes on Dec 26, 2022!
             The game lasted 06:30:09 (93004 turns).

jfcaron the Acrobat (Gnoll Hexslinger)             Turns: 93004, Time: 06:30:10

HP:   184/184 (224) AC: 44    Str: 37    XL:     27
MP:   56/56         EV: 32    Int: 23    God:    Okawaru [******]
Gold: 6519          SH: 20    Dex: 24    Spells: 2/66 levels left

rFire   + + .      SeeInvis .    a - +9 broad axe (vorpal)
rCold   . . .      Faith    .    e - +3 kite shield {rC+ rF+}
rNeg    . . .      Spirit   .    f - +8 orange crystal plate armour {Archmagi, Int+3 Clar}
rPois   .          Reflect  .    U - +2 helmet of Muttered Phrases {Will+ Str+4 Int+5 Stlth+}
rElec   +          Harm     .    l - +0 cloak of Salvation {Str+8}
rCorr   .          Rampage  .    h - +0 pair of gloves of the Land of Plenty {Dex+7}
Will    +++..      Archmagi +    (boots unavailable)
Stlth   +          Clarity  +    E - amulet "Heysk" {rElec rF+ Regen+ Int+3}
HPRegen 1.30/turn                s - ring of the Hare {EV+8}
MPRegen 0.35/turn                d - ring of Bilih {Wiz rElec MP+9 Str+7}

@: studying 2 skills, heavily drained
A: fangs 1, strong nose, distributed training, hooves 3, iridescent scales 1,
deterioration 1, weak 1, cold vulnerability 1
0: Orb of Zot
}: 4/15 runes: decaying, slimy, silver, gossamer
a: Renounce Religion, Heroism, Finesse, Duel


You escaped.
You worshipped Okawaru.
Okawaru was exalted by your worship.
You visited 13 branches of the dungeon, and saw 57 of its levels.
You also visited: Trove, Ossuary, Volcano, Wizlab and Desolation.

You collected 12962 gold pieces.
You spent 6443 gold pieces at shops.

Inventory:

Hand Weapons
 a - a +9 vorpal broad axe (weapon)
 b - the +2 hand crossbow of Chance {vorpal, *Corrode Fly rC+}
   (Okawaru gifted it to you on level 13 of the Dungeon)

   Any ammunition fired from it inflicts extra damage upon your enemies.
   rC:        It protects you from cold.
   Fly:       It grants you flight.
   *Corrode:  It may corrode you when you take damage.
Missiles
 v - 13 silver javelins {!f}
 x - 37 atropa-tipped darts {!f}
 y - 4 datura-tipped darts {!f}
 F - 21 javelins
 P - 5 throwing nets {!f}
 Z - 28 curare-tipped darts {!f}
Armour
 e - a +3 kite shield of resistance (worn)
 f - the +8 orange crystal plate armour (worn) {Archmagi, Int+3 Clar}
   (Okawaru gifted it to you on level 3 of the Depths)

   Int:       It affects your intelligence (+3).
   Clar:      It protects you against confusion.
 h - the +0 pair of gloves of the Land of Plenty (worn) {Dex+7}
   (Okawaru gifted it to you on level 2 of the Spider Nest)

   Dex:       It affects your dexterity (+7).
 k - the +0 pair of boots of Oblivion {Drain rC+ SInv}
   (Okawaru gifted it to you on level 4 of the Vaults)

   rC:        It protects you from cold.
   SInv:      It lets you see invisible.
   Drain:     It drains your maximum health when unequipped.
 l - the +0 cloak of Salvation (worn) {Str+8}
   (You found it on level 13 of the Dungeon)

   Str:       It affects your strength (+8).
 U - the +2 helmet of Muttered Phrases (worn) {Will+ Str+4 Int+5 Stlth+}
   (You found it on level 8 of the Dungeon)

   Str:       It affects your strength (+4).
   Int:       It affects your intelligence (+5).
   Will:      It increases your willpower.
   Stlth:     It makes you more stealthy.
Jewellery
 d - the ring of Bilih (right hand) {Wiz rElec MP+9 Str+7}
   (You took it off a vault sentinel on level 5 of the Vaults)

   [ring of wizardry]

   It improves your spell success rate.
   Str:       It affects your strength (+7).
   rElec:     It insulates you from electricity.
   MP:        It affects your magic capacity (+9).
 s - the ring of the Hare (left hand) {EV+8}
   (You bought it in a shop on level 2 of the Orcish Mines)

   [ring of evasion]

   EV:        It affects your evasion (+8).
 E - the amulet "Heysk" (around neck) {rElec rF+ Regen+ Int+3}
   (You found it on level 3 of the Crypt)

   [amulet of regeneration]

   Int:       It affects your intelligence (+3).
   rF:        It protects you from fire.
   rElec:     It insulates you from electricity.
   Regen:     It increases your rate of health regeneration.
Wands
 c - a wand of mindburst (19)
 w - a wand of flame (4) (quivered)
 J - a wand of quicksilver (48)
 S - a wand of iceblast (48)
 T - a wand of paralysis (38)
 W - a wand of polymorph (30)
Scrolls
 g - 6 scrolls of blinking
 i - 11 scrolls of noise
 m - 5 scrolls of fog
 o - 8 scrolls of poison
 z - 23 scrolls of teleportation
 B - 12 scrolls of fear
 D - 3 scrolls of immolation
 I - 9 scrolls of vulnerability
 L - 3 scrolls of magic mapping
 M - 4 scrolls of silence
Potions
 j - a potion of lignification
 n - 10 potions of might
 p - 10 potions of brilliance
 q - 9 potions of cancellation
 r - 18 potions of curing
 t - 8 potions of magic
 u - 15 potions of mutation
 A - 9 potions of ambrosia
 G - 9 potions of berserk rage
 H - 3 potions of invisibility
 R - 11 potions of haste
 X - 2 potions of resistance
 Y - 20 potions of heal wounds
Miscellaneous
 C - a lightning rod (4/4)
 K - a phial of floods
 O - a tin of tremorstones (1/2)
 V - a condenser vane


   Skills:
 + Level 20.1 Fighting
 + Level 21.5 Short Blades
 + Level 20.0 Long Blades
 + Level 20.0 Axes
 + Level 20.0 Maces & Flails
 + Level 20.0 Polearms
 + Level 20.0 Staves
 + Level 20.4 Ranged Weapons
 + Level 20.0 Throwing
 + Level 20.0 Armour
 + Level 23.4 Dodging
 + Level 20.0 Stealth
 + Level 20.0 Shields
 + Level 20.0 Unarmed Combat
 + Level 20.1 Spellcasting
 + Level 17.0 Conjurations
 + Level 17.8 Hexes
 + Level 17.0 Summonings
 + Level 17.0 Necromancy
 + Level 17.0 Translocations
 + Level 17.0 Transmutations
 + Level 17.0 Fire Magic
 + Level 17.0 Ice Magic
 + Level 17.0 Air Magic
 + Level 17.0 Earth Magic
 + Level 17.0 Poison Magic
 + Level 21.5 Invocations
 + Level 20.0 Evocations


You had 2 spell levels left.
You knew the following spells:

 Your Spells              Type           Power      Damage    Failure   Level
a - Orb of Destruction    Conj           50%        9d13      6%          7
b - Inner Flame           Hex/Fire       100%       N/A       1%          3
c - Apportation           Tloc           100%       N/A       0%          1
d - Wereblood             Tmut           100%       N/A       1%          2
e - Blink                 Tloc           100%       N/A       1%          2
f - Cause Fear            Hex            51%        N/A       1%          4
g - Dispel Undead         Necr           100%       3d31      1%          4
h - Lee's Rapid Deconstr  Erth           50%        3d24*     1%          5
i - Yara's Violent Unrav  Hex/Tmut       50%        3d19      1%          5
j - Frozen Ramparts       Ice            100%       1d16      1%          3
k - Alistair's Intoxicat  Tmut/Pois      66%        N/A       1%          5
l - Borgnjor's Vile Clut  Necr/Erth      50%        N/A       1%          5
m - Irradiate             Conj/Tmut      50%        3d28      1%          5
n - Passwall              Tmut/Erth      83%        N/A       1%          2
o - Iron Shot             Conj/Erth      50%        9d10      1%          6
p - Fireball              Conj/Fire      50%        3d20      1%          5

Your spell library contained the following spells:

 Spells                   Type           Power      Damage    Failure   Level
 Beastly Appendage        Tmut           100%       N/A       0%          1
 Foxfire                  Conj/Fire      100%       2x1d9     0%          1
 Kiss of Death            Conj/Necr      100%       2d13      0%          1
 Magic Dart               Conj           100%       1d8       0%          1
 Necrotise                Necr           100%       1d9       0%          1
 Sandblast                Erth           100%       2d20      0%          1
 Shock                    Conj/Air       100%       1d9       0%          1
 Slow                     Hex            100%       N/A       0%          1
 Cigotuvi's Dreadful Rot  Necr/Pois/Air  100%       N/A       1%          2
 Poisonous Vapours        Pois/Air       100%       N/A       1%          2
 Scorch                   Fire           100%       2d10      1%          2
 Searing Ray              Conj           100%       2d8       1%          2
 Sublimation of Blood     Necr           100%       N/A       1%          2
 Confusing Touch          Hex            100%       N/A       1%          3
 Gell's Gravitas          Tloc           100%       N/A       1%          3
 Hailstorm                Conj/Ice       100%       3d20      1%          3
 Kindle Blastsparks       Fire/Tloc/Air  100%       2d18      1%          3
 Mephitic Cloud           Conj/Pois/Air  100%       N/A       1%          3
 Portal Projectile        Hex/Tloc       100%       N/A       1%          3
 Spider Form              Tmut/Pois      100%       N/A       1%          3
 Stone Arrow              Conj/Erth      100%       3d13      1%          3
 Teleport Other           Tloc           100%       N/A       1%          3
 Vampiric Draining        Necr           100%       2d13      1%          3
 Vhi's Electric Charge    Tloc/Air       100%       N/A       1%          3
 Airstrike                Air            50%        2d(8-24)  1%          4
 Anguish                  Hex/Necr       50%        N/A       1%          4
 Flame Wave               Conj/Fire      100%       2d21      1%          4
 Fulminant Prism          Conj/Hex       50%        3d22      1%          4
 Ice Form                 Ice/Tmut       100%       N/A       1%          4
 Iskenderun's Mystic Bla  Conj/Tloc      100%       2d19      1%          4
 Leda's Liquefaction      Hex/Erth       50%        N/A       1%          4
 Manifold Assault         Tloc           100%       N/A       1%          4
 Olgreb's Toxic Radiance  Pois           100%       N/A       1%          4
 Petrify                  Tmut/Erth      100%       N/A       1%          4
 Sticky Flame             Conj/Fire      100%       2d11      1%          4
 Arcjolt                  Conj/Air       50%        1d60      1%          5
 Blade Hands              Tmut           50%        N/A       1%          5
 Freezing Cloud           Conj/Ice/Air   50%        6-21      1%          5
 Iskenderun's Battlesphe  Conj           100%       2d15      1%          5
 Lightning Bolt           Conj/Air       50%        1d71      1%          5
 Conjure Ball Lightning   Conj/Air       50%        3x3d17    1%          6
 Dispersal                Tloc           50%        N/A       1%          6
 Starburst                Conj/Fire      50%        6d14      1%          6
 Statue Form              Tmut/Erth      66%        N/A       1%          6
 Ozocubu's Refrigeration  Ice            50%        4d18      6%          7
 Storm Form               Tmut/Air       50%        N/A       6%          7
 Borgnjor's Revivificati  Necr           50%        N/A       38%         8
 Disjunction              Tloc           50%        N/A       38%         8
 Ignition                 Fire           50%        3d14      38%         8
 Maxwell's Capacitive Co  Air            50%        ∞         38%         8
 Necromutation            Tmut/Necr      50%        N/A       38%         8
 Death's Door             Necr           50%        N/A       99%         9
 Polar Vortex             Ice            50%        N/A       99%         9
 Summon Small Mammal      Summ           Unusable   N/A       N/A         1
 Call Canine Familiar     Summ           Unusable   N/A       N/A         3
 Summon Guardian Golem    Hex/Summ       Unusable   N/A       N/A         3
 Tukima's Dance           Hex            Unusable   N/A       N/A         3
 Animate Armour           Summ/Erth      Unusable   N/A       N/A         4
 Animate Dead             Necr           Unusable   N/A       N/A         4
 Summon Ice Beast         Ice/Summ       Unusable   N/A       N/A         4
 Summon Lightning Spire   Summ/Air       Unusable   N/A       N/A         4
 Summon Mana Viper        Hex/Summ       Unusable   N/A       N/A         5
 Death Channel            Necr           Unusable   N/A       N/A         6
 Summon Cactus Giant      Summ           Unusable   N/A       N/A         6
 Haunt                    Necr/Summ      Unusable   N/A       N/A         7
 Malign Gateway           Summ/Tloc      Unusable   N/A       N/A         7
 Summon Hydra             Summ           Unusable   N/A       N/A         7
 Summon Horrible Things   Summ           Unusable   N/A       N/A         8

Dungeon Overview and Level Annotations

Branches:
Dungeon (15/15)            Temple (1/1) D:5            Lair (5/5) D:9
  Swamp (4/4) Lair:2       Spider (4/4) Lair:2        Slime (5/5) Lair:5
    Orc (2/2) D:11            Elf (3/3) Orc:2        Vaults (5/5) D:13
  Crypt (3/3) Vaults:3       Tomb (0/3) Crypt:3      Depths (4/4) D:15
   Hell (visited)             Dis (0/7) Hell            Geh (0/7) Hell
    Coc (0/7) Hell            Tar (0/7) Hell            Zot (5/5) Depths:4
Ossuary (visited)         Volcano (visited)          WizLab (visited)
Desolation (visited)

Altars:
Ashenzari
Cheibriados
Dithmenos
Elyvilon
Fedhas
Gozag
Hepliaklqana
Kikubaaqudgha
Makhleb
Nemelex Xobeh
Okawaru
Qazlal
Ru
Sif Muna
Trog
Uskayaw
Vehumet
Wu Jian
Xom
Yredelemnul
Zin
The Shining One
Jiyva

Shops:
D:11 (!=*[   Orc:1 [   Orc:2 (:[=*   Elf:1 *(   Elf:3 =   Vaults:1 (
Vaults:2 *   Vaults:3 :   Depths:1 !

Portals:
Hell: Depths:1 Depths:2 Depths:3 Depths:4
Abyss: Depths:2 Depths:3 Depths:4
Pandemonium: Depths:1 Depths:2
Ziggurat: Depths:1


Innate Abilities, Weirdness & Mutations

You have very sharp teeth.
Your uncanny sense of smell can sniff out nearby items.
Your experience applies equally to all skills.
You have hooves in place of feet.
You are partially covered in iridescent scales. (AC +2)
Your body sometimes deteriorates upon taking damage.
You are weak. (Str -2)
You are vulnerable to cold. (rC-)


Message History

(D) Dungeon (T) Temple (L) Lair (S) Swamp (N) Spider Nest (M) Slime Pits (O) Orcish Mines (E) Elven Halls (V) Vaults (C) Crypt (W) Tomb (U) Depths (H) Hell (I) Dis (G) Gehenna (X) Cocytus (Y) Tartarus (Z) Zot
Where to? (Enter - D:1 @ (x,y), ? - help)
What level of the Dungeon? (default 1, ? - help) HP restored.
There is a stone staircase leading up here.
You climb upwards.
There is a stone staircase leading down here.
There is an open door here.
Magic restored.
A reaper comes into view. It is wielding a +4 scythe of venom.
Unknown command.
Casting: Iron Shot (mildly dangerous; 1% risk of failure)
Confirm with . or Enter, or press ? or * to list all spells.
Aiming: Iron Shot (mildly dangerous; 1% risk of failure)
Press: ? - help, Shift-Dir - straight line, f - reaper
Aim: a reaper, wielding a +4 scythe of venom (78% to hit)
You feel a surge of power!
The iron shot hits the reaper!!
The reaper is heavily wounded.
Casting: Iron Shot (mildly dangerous; 1% risk of failure)
Confirm with . or Enter, or press ? or * to list all spells.
Aiming: Iron Shot (mildly dangerous; 1% risk of failure)
Press: ? - help, Shift-Dir - straight line, f/p - reaper
Aim: a reaper, wielding a +4 scythe of venom (heavily wounded, 78% to hit)
You feel a surge of power!
The iron shot hits the reaper!!!
You kill the reaper!
Okawaru accepts your kill.
Your tin of tremorstones (1/2) has regained one charge.
(D) Dungeon (T) Temple (L) Lair (S) Swamp (N) Spider Nest (M) Slime Pits (O) Orcish Mines (E) Elven Halls (V) Vaults (C) Crypt (W) Tomb (U) Depths (H) Hell (I) Dis (G) Gehenna (X) Cocytus (Y) Tartarus (Z) Zot
Where to? (Enter - D:1 @ (x,y), ? - help) HP restored.
There is a staircase leading out of the dungeon here.
You have escaped!

#...#.###################
#####.##.#..#...##.#....#
#.##..##..##..#...#.#
#.####..#..#.#..#..#.
#.##..####.##..##.##.
#.##.##...#.#..#.....
#>###.#.###..#...#..#
#.###..###.#.#..#...#
#.##@###..##.##......
#.##.#...#.##.#..##..
#.##..######.#...#..#
#.#####.#...#..#...#.
#.##.#.#.###.##....#.
#.##..#..#.#...##...#
#######.###..##..#.##....#.
#.......##..#..#.##...#....
#.......###################


There were no monsters in sight!

Vanquished Creatures
  the Royal Jelly (Slime:5)
  5 dread liches
  Tiamat (Zot:3)
  3 ancient liches
  11 orbs of fire (Zot:5)
  6 Killer Klowns
  Bai Suzhen (Vaults:5)
  Head Instructor (WizLab)
  Frederick (Vaults:5)
  Saint Roka (Vaults:2)
  The ghost of Jase the Spry, a veteran GnWn of Ashenzari (Depths:1)
  3 curse toes
  Geryon (Hell)
  4 caustic shrikes (Depths:4)
  10 golden dragons
  Nikola (Vaults:1)
  the Enchantress (Depths:3)
  3 bone dragons
  Arachne (Spider:3)
  2 electric golems (Zot:5)
  A hellephant (Hell)
  13 tentacled monstrosities
  5 liches
  A shard shrike skeleton (Crypt:2)
  Mlioglotl (Spider:1)
  4 titans
  3 deep elf blademasters
  26 Orb Guardians
  2 deep elf master archers (Elf:3)
  7 quicksilver dragons
  14 acid blobs
  6 death cobs
  Frances (D:13)
  8 sphinxes
  11 shadow dragons
  13 tengu reavers
  6 ancient champions
  2 thorn hunters
  12 storm dragons
  6 rockslimes
  A fenstrider witch (Swamp:3)
  6 draconian monks
  4 revenants (Crypt:2)
  8 fire giants
  4 deep elf sorcerers
  7 azure jellies
  2 iron dragons (Hell)
  10 draconian knights
  7 frost giants
  14 vault wardens
  6 draconian scorchers
  An imperial myrmidon (Desolation)
  5 draconian shifters
  Aizul (Depths:1)
  4 draconian stormcallers
  7 emperor scorpions
  6 draconian annihilators
  An angel (Depths:1)
  6 ghouls
  5 ghost moths
  8 deep elf elementalists
  3 reapers
  A broodmother (Spider:4)
  9 ironbound thunderhulks
  24 ironbound preservers
  3 spriggan defenders (Depths:3)
  10 war gargoyles
  16 very ugly things
  A juggernaut skeleton (Crypt:3)
  7 green draconians
  4 quicksilver oozes
  A caustic shrike skeleton (Crypt:3)
  11 vampire knights
  6 deep elf demonologists
  8 black draconians
  21 stone giants
  4 bunyips
  A putrid mouth (Hell)
  4 deep elf annihilators
  8 purple draconians
  10 eleionomae
  2 white draconians
  A wendigo (Hell)
  8 dire elephants
  3 spark wasps
  2 halazid warlocks (Desolation)
  9 yellow draconians
  5 red draconians
  2 eidola
  14 deep elf death magi
  2 blizzard demons
  4 crystal guardians
  A jiangshi (Crypt:3)
  The ghost of Tutadwiozxu the Fighter, a journeyman DsDe of Gozag (Lair:3)
  12 ettins
  2 shambling mangroves (Swamp:4)
  Josephine (Spider:1)
  6 fire dragons
  A merfolk impaler (Depths:1)
  An entropy weaver (shapeshifter) (D:13)
  6 deep elf high priests
  17 yaktaur captains
  6 ragged hierophants (Desolation)
  4 rakshasas
  7 entropy weavers
  7 great orbs of eyes
  A fire dragon (shapeshifter) (Depths:4)
  3 ogre magi
  2 spriggan zombies
  A caustic shrike simulacrum (Crypt:3)
  36 vault guards
  17 peacekeepers
  22 hydras
  6 servants of whispers (Desolation)
  10 ironbound frosthearts
  7 ice dragons
  2 hell beasts (Hell)
  A merfolk avatar (Lair:5)
  2 spriggan skeletons
  A quicksilver dragon skeleton (Crypt:1)
  A catoblepas (Lair:5)
  A ghost crab (Swamp:3)
  7 jorogumos
  A death knight (D:15)
  2 radroaches (Spider:4)
  2 juggernaut simulacra
  8 boulder beetles
  26 centaur warriors
  5 alligators
  30 dancing weapons
  8 spriggan air magi
  3 satyrs (Depths:3)
  4 vampire magi
  A two-headed ogre (shapeshifter) (Elf:1)
  4 tengu warriors
  7 deep troll shamans
  7 death scarabs (Spider:4)
  4 death yaks (Lair:5)
  9 two-headed ogres
  7 deep troll earth magi
  26 deep elf knights
  6 hell hogs (Hell)
  18 hell knights
  2 orc high priests
  4 soul eaters
  Sonja (D:12)
  24 spriggans
  A storm dragon zombie (Crypt:2)
  A titan skeleton (Crypt:3)
  6 spriggan berserkers
  6 sun demons (Hell)
  Urug (D:10)
  A sun moth (Spider:2)
  6 pharaoh ants
  6 goliath frogs
  4 iron trolls
  3 salamander mystics (WizLab)
  A bunyip zombie (Crypt:3)
  68 deep trolls
  A cherub (D:2)
  21 skeletal warriors
  2 sea snakes
  2 shadow wraiths
  Lodul (D:10)
  7 bog bodies
  A golden dragon zombie (Crypt:2)
  10 flayed ghosts
  10 orb spiders
  4 spriggan druids
  13 swamp dragons
  11 wizards
  3 steelbarb worms
  An orange crystal statue (D:8)
  6 wolf spider zombies
  9 large abominations
  33 deep elf pyromancers
  A bunyip skeleton (Crypt:3)
  3 glowing orange brains
  13 phantasmal warriors
  An obsidian statue (Vaults:1)
  11 lindwurms
  18 ironbound convokers
  10 orc knights
  10 deep elf archers
  16 necromancers
  10 mana vipers (WizLab)
  A shadow dragon zombie (Hell)
  15 deep elf zephyrmancers
  A harpy (Lair:5)
  2 anaconda skeletons (Crypt:3)
  3 cyclopes
  10 wolf spiders
  5 orc sorcerers
  2 shining eyes (Slime:5)
  6 fauns (Depths:3)
  37 ugly things
  4 will-o-the-wisps
  3 manticores
  An iron dragon skeleton (Hell)
  17 elephants
  Maurice (Orc:1)
  2 naga magi (WizLab)
  23 moths of wrath
  Joseph (Lair:1)
  5 black mambas
  5 guardian serpents
  9 rust devils (Hell)
  7 molten gargoyles
  The ghost of DeathPants the Firebug, a novice DrFE of Vehumet (D:7)
  14 vault sentinels
  5 smoke demons (Hell)
  A centaur zombie (Crypt:3)
  5 gargoyles
  A naga zombie (Hell)
  A hellion (Hell)
  4 torpor snails
  8 cane toads
  8 unseen horrors
  Psyche (D:10)
  An elephant slug zombie (Crypt:2)
  Maggie (D:10)
  A death yak zombie (Crypt:2)
  An unseen horror zombie (Crypt:3)
  A catoblepas zombie (Crypt:2)
  8 redback zombies
  34 yaktaurs
  2 spectral redbacks (Spider:4)
  4 rime drakes
  8 komodo dragons
  2 tengu conjurers
  An efreet (D:14)
  2 bunyip simulacra (Hell)
  3 freezing wraiths
  10 demonic crawlers
  An ice devil (Hell)
  A silent spectre (Vaults:4)
  6 polar bears
  A catoblepas skeleton (Crypt:1)
  2 guardian mummies (D:12)
  A green draconian skeleton (Crypt:3)
  A bloated husk (Swamp:3)
  3 harpy zombies (Hell)
  3 meliai
  5 red devils
  A queen bee (shapeshifter) (D:15)
  12 trolls
  A death drake zombie (Crypt:1)
  A hydra zombie (Crypt:3)
  3 harpy skeletons
  2 meliai (shapeshifter)
  25 hornets
  58 saltlings (Desolation)
  23 tarantellas
  15 blink frogs
  2 jumping spider zombies (Spider:4)
  60 slime creatures
  6 tyrant leeches
  A death drake skeleton (Crypt:3)
  10 culicivora zombies
  11 tarantella zombies
  2 wind drakes (Lair:5)
  A shadow dragon simulacrum (Crypt:3)
  5 spectral jumping spiders (Spider:4)
  A raiju (shapeshifter) (Elf:3)
  2 centaur simulacra
  An ettin zombie (Crypt:3)
  5 flying skulls
  An ice dragon skeleton (Crypt:1)
  33 jumping spiders
  3 air elementals
  20 culicivoras
  2 water elementals
  A vampire (D:13)
  3 fire bats (Volcano)
  10 wraiths
  A wyvern (Lair:5)
  3 basilisks
  36 yaks
  2 fire elementals
  A redback (shapeshifter) (Vaults:5)
  6 golden eyes (Slime:4)
  2 chaos spawn (Depths:3)
  3 steam dragons
  70 redbacks
  8 vampire mosquitoes
  4 wargs
  18 swamp worms
  An acid dragon (D:13)
  Menkaure (D:6)
  2 harpy simulacra (Hell)
  14 water moccasins
  2 floating eyes
  A fire bat skeleton (Crypt:3)
  3 hell hounds
  An ice beast (shapeshifter) (D:15)
  6 swamp drakes
  2 ice beasts (D:6)
  2 sky beasts (D:7)
  A hornet zombie (Crypt:2)
  A swamp dragon zombie (Crypt:1)
  45 orc warriors
  7 black bears
  20 ogres
  A black mamba simulacrum (Crypt:3)
  3 small abominations (Depths:3)
  3 boggarts (Vaults:1)
  17 centaurs
  14 wolves
  A blink frog skeleton (Crypt:1)
  A dream sheep skeleton (Crypt:1)
  A phantom (D:7)
  3 necrophages
  4 elf zombies
  A vine stalker zombie (Crypt:3)
  18 bullfrogs
  A cyclops zombie (Crypt:2)
  A draconian skeleton (Crypt:1)
  3 gnoll sergeants
  3 scorpions
  An earth elemental (Elf:1)
  4 wights (D:7)
  A killer bee (D:9)
  A warg skeleton (Crypt:1)
  A howler monkey (D:12)
  An electric eel (Lair:2)
  10 lava snakes
  A human zombie (Ossuary)
  A black bear zombie (Crypt:3)
  3 hounds
  A jelly (D:4)
  A gnoll bouda (D:8)
  14 orc priests
  21 orc wizards
  A boggart zombie (Crypt:2)
  A sky beast zombie (Crypt:2)
  A hound zombie (Ossuary)
  4 mummies (Ossuary)
  21 gnolls
  A howler monkey skeleton (Crypt:1)
  A swamp drake zombie (Crypt:3)
  5 adders
  A white imp (D:6)
  5 adder zombies (Ossuary)
  A jelly zombie (Crypt:1)
  5 worms
  5 dart slugs
  68 orcs
  A bat zombie (Crypt:2)
  8 endoplasms
  3 giant cockroaches
  5 goblins
  5 hobgoblins
  8 jackals
  6 quokkas
  6 ball pythons
  10 bats
  6 frilled lizards
  A jackal zombie (Ossuary)
  11 kobolds
  A kobold zombie (Ossuary)
  An orc zombie (Ossuary)
  6 rats
  A rat zombie (Ossuary)
  2 bushes (Lair:5)
  14 foxfires
  117 fungi
  134 plants
2748 creatures vanquished.

Notes
Turn   | Place    | Note
-------+----------+-------------------------------------------
     0 | D:1      | jfcaron the Gnoll Hexslinger began the quest for the Orb.
     0 | D:1      | Reached XP level 1. HP: 17/17 MP: 4/4
   157 | D:1      | Reached XP level 2. HP: 23/23 MP: 5/5
   689 | D:1      | Reached XP level 3. HP: 28/28 MP: 7/7
  1116 | D:2      | Reached skill level 1 in Invocations
  1120 | D:2      | Learned a level 3 spell: Inner Flame
  1272 | D:2      | Reached skill level 1 in Short Blades
  1272 | D:2      | Reached skill level 1 in Long Blades
  1272 | D:2      | Reached skill level 1 in Axes
  1272 | D:2      | Reached skill level 1 in Maces & Flails
  1272 | D:2      | Reached skill level 1 in Polearms
  1272 | D:2      | Reached skill level 1 in Staves
  1272 | D:2      | Reached skill level 1 in Throwing
  1272 | D:2      | Reached skill level 1 in Armour
  1272 | D:2      | Reached skill level 1 in Stealth
  1272 | D:2      | Reached skill level 1 in Shields
  1272 | D:2      | Reached skill level 1 in Unarmed Combat
  1272 | D:2      | Reached skill level 1 in Evocations
  1531 | D:2      | Reached XP level 4. HP: 22/34 MP: 8/8
  2227 | D:3      | Reached skill level 1 in Conjurations
  2227 | D:3      | Reached skill level 1 in Summonings
  2227 | D:3      | Reached skill level 1 in Necromancy
  2227 | D:3      | Reached skill level 1 in Translocations
  2227 | D:3      | Reached skill level 1 in Transmutations
  2227 | D:3      | Reached skill level 1 in Fire Magic
  2227 | D:3      | Reached skill level 1 in Ice Magic
  2227 | D:3      | Reached skill level 1 in Air Magic
  2227 | D:3      | Reached skill level 1 in Earth Magic
  2227 | D:3      | Reached skill level 1 in Poison Magic
  2229 | D:3      | Learned a level 1 spell: Apportation
  2673 | D:3      | Reached XP level 5. HP: 26/40 MP: 9/9
  2755 | D:3      | Found a radiant altar of Vehumet.
  2935 | D:3      | Learned a level 2 spell: Wereblood
  3238 | D:4      | Noticed a black bear
  3255 | D:4      | Found a sand-covered staircase.
  3287 | Ossuary  | Entered an ossuary
  3432 | Ossuary  | Reached skill level 5 in Ranged Weapons
  3432 | Ossuary  | Reached skill level 5 in Dodging
  3432 | Ossuary  | Reached XP level 6. HP: 30/47 MP: 5/11
  3655 | D:4      | Killed a black bear
  3868 | D:4      | Reached XP level 7. HP: 52/52 MP: 12/12
  4003 | D:4      | Found an ancient bone altar of Kikubaaqudgha.
  4208 | D:4      | Found an ornate altar of the Wu Jian Council.
  4309 | D:4      | Found a shimmering altar of Xom.
  4476 | D:5      | Entered Level 5 of the Dungeon
  4522 | D:5      | Found a staircase to the Ecumenical Temple.
  4531 | Temple   | Entered the Ecumenical Temple
  4730 | Temple   | Became a worshipper of Warmaster Okawaru
  4809 | D:5      | Found an opulent altar of Gozag.
  4961 | D:5      | Learned a level 2 spell: Blink
  5014 | D:5      | Identified a scroll of acquirement
  5015 | D:5      | Acquired 1054 gold pieces
  5356 | D:6      | Reached * piety under Okawaru
  5357 | D:6      | Reached XP level 8. HP: 15/60 MP: 14/14
  5942 | D:6      | Noticed Menkaure
  5961 | D:6      | Killed Menkaure
  6348 | D:6      | Found a snail-covered altar of Cheibriados.
  6438 | D:6      | Found a white marble altar of Elyvilon.
  6561 | D:6      | Reached ** piety under Okawaru
  6562 | D:6      | Reached skill level 6 in Dodging
  6600 | D:7      | Reached XP level 9. HP: 66/66 MP: 16/16
  6718 | D:7      | Reached skill level 5 in Spellcasting
  6837 | D:7      | Reached skill level 5 in Fighting
  6928 | D:7      | Reached *** piety under Okawaru
  6937 | D:7      | Reached skill level 5 in Invocations
  7076 | D:7      | Noticed DeathPants's ghost (novice DrFE)
  7077 | D:7      | Found a transporter.
  7082 | D:7      | Found a transporter.
  7507 | D:7      | Found a shadowy altar of Dithmenos.
  7526 | D:7      | Received a gift from Okawaru
  7527 | D:7      | Reached skill level 5 in Short Blades
  7527 | D:7      | Reached skill level 5 in Long Blades
  7527 | D:7      | Reached skill level 5 in Axes
  7527 | D:7      | Reached skill level 5 in Maces & Flails
  7527 | D:7      | Reached skill level 5 in Polearms
  7527 | D:7      | Reached skill level 5 in Staves
  7527 | D:7      | Reached skill level 5 in Throwing
  7527 | D:7      | Reached skill level 5 in Armour
  7527 | D:7      | Reached skill level 5 in Stealth
  7527 | D:7      | Reached skill level 5 in Shields
  7527 | D:7      | Reached skill level 5 in Unarmed Combat
  7527 | D:7      | Reached skill level 5 in Evocations
  7527 | D:7      | Reached XP level 10. HP: 73/76 MP: 18/18
  7779 | D:8      | Reached skill level 7 in Dodging
  7959 | D:8      | Found a bloodstained altar of Trog.
  8206 | D:8      | Reached **** piety under Okawaru
  8407 | D:8      | Identified the +2 helmet of Muttered Phrases {Will+ Str+4
                  | Int+5 Stlth+}
  8552 | D:8      | Noticed an orange crystal statue
  8890 | D:9      | Found a staircase to the Lair.
  8992 | D:9      | Reached ***** piety under Okawaru
  9266 | D:9      | Identified the +0 pair of boots of Chimes {rF- rCorr Int+7
                  | Dex-3} (Okawaru gifted it to you on level 9 of the Dungeon)
  9266 | D:9      | Received a gift from Okawaru
  9452 | D:9      | Reached skill level 5 in Conjurations
  9452 | D:9      | Reached skill level 5 in Summonings
  9452 | D:9      | Reached skill level 5 in Necromancy
  9452 | D:9      | Reached skill level 5 in Translocations
  9452 | D:9      | Reached skill level 5 in Transmutations
  9452 | D:9      | Reached skill level 5 in Fire Magic
  9452 | D:9      | Reached skill level 5 in Ice Magic
  9452 | D:9      | Reached skill level 5 in Air Magic
  9452 | D:9      | Reached skill level 5 in Earth Magic
  9452 | D:9      | Reached skill level 5 in Poison Magic
  9459 | D:9      | Reached XP level 11. HP: 72/83 MP: 13/21
  9565 | D:9      | Found a glowing golden altar of the Shining One.
  9911 | D:9      | Learned a level 4 spell: Cause Fear
  9942 | D:10     | Entered Level 10 of the Dungeon
 10055 | D:10     | Found a shimmering blue altar of Sif Muna.
 10233 | D:10     | Noticed Maggie
 10247 | D:10     | Noticed Psyche
 10258 | D:10     | Killed Psyche
 10261 | D:10     | Killed Maggie
 10262 | D:10     | Reached skill level 8 in Dodging
 10661 | D:10     | Noticed Lodul
 10695 | D:10     | Killed Lodul
 10972 | D:10     | Identified the +0 ring mail of Apturepn {rPois rF+ Int+4}
 11030 | D:10     | Noticed Urug
 11039 | D:10     | Killed Urug
 11567 | D:7      | Killed DeathPants's ghost
 11628 | D:7      | Learned a level 4 spell: Dispel Undead
 11817 | Lair:1   | Entered Level 1 of the Lair of Beasts
 11873 | Lair:1   | Received a gift from Okawaru
 11901 | Lair:1   | Reached XP level 12. HP: 30/91 MP: 23/23
 12026 | Lair:1   | Noticed a boulder beetle
 12040 | Lair:1   | Killed a boulder beetle
 12454 | Lair:1   | Noticed Joseph
 12496 | Lair:1   | Killed Joseph
 13564 | Lair:2   | Reached skill level 9 in Dodging
 14145 | Lair:2   | Found a staircase to the Swamp.
 14834 | Lair:2   | Found a hole to the Spider Nest.
 14860 | Lair:2   | Received a gift from Okawaru
 15570 | Lair:2   | Received a gift from Okawaru
 15571 | Lair:2   | Reached XP level 13. HP: 46/99 MP: 25/25
 15835 | Lair:2   | You fall into a shaft and drop 1 floor!
 15962 | Lair:2   | Identified the +2 war axe of Wounding {vamp, rPois Str+9
                  | Dex-5}
 16685 | Lair:3   | Noticed Tutadwiozxu's ghost (journeyman DsDe)
 16719 | Lair:3   | Received a gift from Okawaru
 16861 | Lair:3   | Found a runed translucent door.
 17258 | Lair:3   | Killed Tutadwiozxu's ghost
 18445 | Lair:5   | Entered Level 5 of the Lair of Beasts
 18629 | Lair:4   | HP: 19/101 [poisoned by a sea snake]
 18634 | Lair:4   | HP: 16/101 [poisoned by a sea snake]
 19414 | Lair:5   | Reached skill level 10 in Ranged Weapons
 19414 | Lair:5   | Reached skill level 10 in Dodging
 19424 | Lair:5   | Received a gift from Okawaru
 19430 | Lair:5   | Received a gift from Okawaru
 19759 | Lair:5   | Received a gift from Okawaru
 20046 | Lair:5   | Reached XP level 14. HP: 108/108 MP: 27/27
 20172 | Lair:5   | Reached skill level 10 in Invocations
 20977 | Lair:5   | Found a staircase to the Slime Pits.
 21470 | Lair:5   | Received a gift from Okawaru
 21999 | Lair:5   | Identified the +3 rapier "Usae" {vorpal, Fragile rC++
                  | Str+6}
 22353 | Lair:5   | Learned a level 5 spell: Lee's Rapid Deconstruction
 22490 | D:8      | Reached skill level 10 in Spellcasting
 22769 | D:11     | Found Irimeov's Distillery.
 22777 | D:11     | Bought a potion of heal wounds for 80 gold pieces
 22777 | D:11     | Bought 2 potions of heal wounds for 160 gold pieces
 22777 | D:11     | Bought a potion of heal wounds for 80 gold pieces
 22777 | D:11     | Bought a potion of lignification for 48 gold pieces
 22912 | D:11     | Found Isamp's Jewellery Shop.
 22914 | D:11     | Found Onoresurphu's Assorted Antiques.
 22933 | D:11     | Bought a ruby potion for 20 gold pieces
 22933 | D:11     | Bought a fizzy dark potion for 20 gold pieces
 22933 | D:11     | Bought a scroll of identify for 46 gold pieces
 22939 | D:11     | Bought a potion of curing for 69 gold pieces
 23038 | D:11     | Reached skill level 10 in Fighting
 23065 | D:11     | Found Qeaheut's Weapon Shop.
 23168 | D:11     | Found Eseropp's Antique Armour Emporium.
 23198 | D:11     | Found a staircase to the Orcish Mines.
 23929 | D:12     | Identified the +3 dagger of the Hundredfold Stars {vamp,
                  | rF+}
 24577 | D:12     | Noticed Sonja
 24579 | D:12     | Killed Sonja
 24845 | D:12     | Found a portal to a secret trove of treasure.
 25275 | Orc:1    | Entered Level 1 of the Orcish Mines
 25275 | Orc:1    | Noticed Maurice
 25307 | Orc:1    | Killed Maurice
 25512 | Orc:1    | Found Awowagau's Armour Shoppe.
 25519 | Orc:1    | Reached skill level 10 in Hexes
 25601 | Orc:1    | Found a dark tunnel.
 25616 | Volcano  | Entered a volcano
 25879 | Volcano  | Found a bloodstained altar of Trog.
 25881 | Volcano  | Received a gift from Okawaru
 25888 | Volcano  | Reached skill level 11 in Dodging
 25890 | Volcano  | Reached skill level 10 in Short Blades
 25890 | Volcano  | Reached skill level 10 in Long Blades
 25890 | Volcano  | Reached skill level 10 in Axes
 25890 | Volcano  | Reached skill level 10 in Maces & Flails
 25890 | Volcano  | Reached skill level 10 in Polearms
 25890 | Volcano  | Reached skill level 10 in Staves
 25890 | Volcano  | Reached skill level 10 in Throwing
 25890 | Volcano  | Reached skill level 10 in Armour
 25890 | Volcano  | Reached skill level 10 in Stealth
 25890 | Volcano  | Reached skill level 10 in Shields
 25890 | Volcano  | Reached skill level 10 in Unarmed Combat
 25890 | Volcano  | Reached skill level 10 in Evocations
 26274 | Orc:1    | Reached XP level 15. HP: 103/117 MP: 29/29
 27018 | Orc:2    | Entered Level 2 of the Orcish Mines
 27036 | Orc:2    | Found a staircase to the Elven Halls.
 27062 | Orc:2    | Reached XP level 16. HP: 98/124 MP: 30/30
 27228 | Orc:2    | Found Qatoklyi's Antique Weapon Boutique.
 27633 | Orc:2    | Received a gift from Okawaru
 27679 | Orc:2    | HP: 18/124 [orc warrior/+0 trident (17)]
 27714 | Orc:2    | Found Doabei's Armour Emporium.
 27714 | Orc:2    | Found Zeczetov's Jewellery Shop.
 27716 | Orc:2    | Found Jeva's General Store.
 27718 | Orc:2    | Found Vyimeton's Book Shoppe.
 27817 | Orc:2    | Bought a scroll of identify for 30 gold pieces
 27817 | Orc:2    | Bought a wand of iceblast (4) for 144 gold pieces
 27817 | Orc:2    | Bought a scroll of identify for 30 gold pieces
 28110 | Orc:2    | Bought the ring of the Hare {EV+8} for 1664 gold pieces
 28110 | Orc:2    | Found the ring of the Hare {EV+8}
 28238 | Orc:2    | Bought Wan Fata's Guidebook on Unstable Enchantment for 494
                  | gold pieces
 28244 | Orc:2    | Learned a level 5 spell: Yara's Violent Unravelling
 28246 | Orc:2    | Bought a book of Rime for 364 gold pieces
 28250 | Orc:2    | Learned a level 3 spell: Frozen Ramparts
 28328 | D:11     | Bought a fine scale mail for 216 gold pieces
 28328 | D:11     | Identified the +4 scale mail of Qinuruapn {Will+ Int+2
                  | Dex+3} (You bought it in a shop on level 11 of the Dungeon)
 28690 | D:13     | Received a gift from Okawaru
 29295 | D:13     | Identified the +2 hand crossbow of Chance {vorpal, *Corrode
                  | Fly rC+} (Okawaru gifted it to you on level 13 of the
                  | Dungeon)
 29295 | D:13     | Received a gift from Okawaru
 29349 | D:13     | Noticed Frances
 29379 | D:13     | Killed Frances
 29499 | D:13     | Found a gate to the Vaults.
 29651 | D:13     | Identified the +0 cloak of Salvation {Str+8}
 31249 | D:15     | Entered Level 15 of the Dungeon
 31812 | D:15     | Found a staircase to the Depths.
 32028 | D:15     | Reached skill level 12 in Dodging
 32035 | D:15     | Identified the +1 buckler "Licel" {*Slow rElec Str-2 SInv}
                  | (Okawaru gifted it to you on level 15 of the Dungeon)
 32035 | D:15     | Received a gift from Okawaru
 32302 | D:15     | Found an iron altar of Okawaru.
 33109 | D:9      | Upgraded the game from 0.30-a0-528-g8c47a4955b to
                  | 0.30-a0-534-gdc55766716
 33184 | Spider:1 | Entered Level 1 of the Spider Nest
 33436 | Spider:1 | Reached XP level 17. HP: 125/131 MP: 32/32
 33492 | Spider:1 | Noticed Josephine
 33500 | Spider:1 | Noticed Mlioglotl
 33503 | Spider:1 | Killed Josephine
 33512 | Spider:1 | Killed Mlioglotl
 34693 | Spider:2 | Received a gift from Okawaru
 35137 | Spider:2 | Identified the +0 pair of gloves of the Land of Plenty
                  | {Dex+7} (Okawaru gifted it to you on level 2 of the Spider
                  | Nest)
 35137 | Spider:2 | Received a gift from Okawaru
 35601 | Spider:3 | Reached skill level 10 in Conjurations
 35601 | Spider:3 | Reached skill level 10 in Summonings
 35601 | Spider:3 | Reached skill level 10 in Necromancy
 35601 | Spider:3 | Reached skill level 10 in Translocations
 35601 | Spider:3 | Reached skill level 10 in Transmutations
 35601 | Spider:3 | Reached skill level 10 in Fire Magic
 35601 | Spider:3 | Reached skill level 10 in Ice Magic
 35601 | Spider:3 | Reached skill level 10 in Air Magic
 35601 | Spider:3 | Reached skill level 10 in Earth Magic
 35601 | Spider:3 | Reached skill level 10 in Poison Magic
 36168 | Spider:3 | Noticed Arachne
 36194 | Spider:3 | Killed Arachne
 36919 | Spider:4 | Entered Level 4 of the Spider Nest
 37062 | Spider:4 | Reached XP level 18. HP: 141/141 MP: 34/34
 37228 | Spider:4 | Reached ****** piety under Okawaru
 37311 | Spider:4 | Received a gift from Okawaru
 37329 | Spider:4 | Reached skill level 13 in Dodging
 37925 | Spider:4 | Identified the +10 plate armour of Amorality {Will+ rCorr}
                  | (Okawaru gifted it to you on level 4 of the Spider Nest)
 37925 | Spider:4 | Received a gift from Okawaru
 38809 | D:9      | Learned a level 5 spell: Alistair's Intoxication
 38876 | Swamp:1  | Entered Level 1 of the Swamp
 39077 | Swamp:1  | You fall into a shaft and drop 1 floor!
 39976 | Swamp:2  | Upgraded the game from 0.30-a0-534-gdc55766716 to
                  | 0.30-a0-540-g0af01429fa
 40301 | Swamp:3  | Paralysed by a fenstrider witch for 3 turns
 40772 | Swamp:3  | Identified the +1 leather armour "Pemig" {SInv Stlth+}
 41369 | Swamp:3  | Noticed a tentacled monstrosity
 41393 | Swamp:3  | Killed a tentacled monstrosity
 41402 | Swamp:3  | Identified the ring of Veal {Fly rN+ Int+2}
 41751 | Swamp:4  | Entered Level 4 of the Swamp
 41785 | Swamp:4  | Received a gift from Okawaru
 41915 | Swamp:4  | Received a gift from Okawaru
 41991 | Swamp:4  | Reached XP level 19. HP: 142/149 MP: 13/36
 42738 | Swamp:4  | Got a decaying rune of Zot
 42871 | Swamp:4  | Received a gift from Okawaru
 44512 | Spider:4 | Received a gift from Okawaru
 44513 | Spider:4 | Reached skill level 14 in Dodging
 44794 | Spider:4 | Got a gossamer rune of Zot
 45148 | Elf:1    | Entered Level 1 of the Elven Halls
 45339 | Elf:1    | Identified the +0 buckler "Bytiosytt" {rElec Str+4}
                  | (Okawaru gifted it to you on level 1 of the Elven Halls)
 45339 | Elf:1    | Received a gift from Okawaru
 45411 | Elf:1    | Got Xikuj's Tractate on the Undead
 45418 | Elf:1    | Learned a level 5 spell: Borgnjor's Vile Clutch
 46006 | Elf:1    | Got the Parchment of a Billion Wars
 46035 | Elf:1    | Found Kailot Ylome's Weapon Shop.
 46358 | Elf:1    | Found Ikhe Hoq's Mass Market.
 46667 | Elf:2    | Identified the +4 glaive "Hellblazer" {vorpal, rElec rCorr
                  | Str+4 Int-5}
 47041 | Elf:2    | Found a runed translucent gate.
 47043 | Elf:2    | Found a runed translucent gate.
 47044 | Elf:2    | Found a runed translucent gate.
 47446 | Elf:2    | Reached XP level 20. HP: 57/158 MP: 10/37
 47772 | Elf:2    | HP: 30/158 [poisoned by a +0 halberd of venom]
 47774 | Elf:2    | Received a gift from Okawaru
 47777 | Elf:2    | HP: 19/159 [burnt (2)]
 48904 | Elf:3    | Entered Level 3 of the Elven Halls
 48932 | Elf:3    | Reached skill level 15 in Invocations
 48937 | Elf:3    | Received a gift from Okawaru
 48961 | Elf:3    | HP: 31/159 [+4 halberd of protection (5)]
 49256 | Elf:3    | Identified the +11 glaive "Guonij" {freeze, rElec Will+}
 49511 | Elf:3    | Identified the +8 rapier "Xawn" {freeze, +Blink rElec rF+}
 50603 | Elf:3    | Paralysed by an air elemental for 1 turns
 50803 | Elf:3    | Got the Collected Works on Foul Changing
 51503 | Elf:3    | Identified the +2 scale mail of the Seven Things {Int+5}
                  | (Okawaru gifted it to you on level 3 of the Elven Halls)
 51503 | Elf:3    | Received a gift from Okawaru
 51888 | Elf:3    | Found Tyetibbi's Jewellery Shoppe.
 52256 | Vaults:1 | Entered Level 1 of the Vaults
 52417 | Vaults:1 | Found a crumbling gateway.
 52420 | Vaults:1 | Reached skill level 15 in Ranged Weapons
 52420 | Vaults:1 | Reached skill level 15 in Dodging
 52443 | Desolati | Entered the Desolation of Salt
 52565 | Desolati | Reached XP level 21. HP: 114/166 MP: 35/39
 53176 | Desolati | Got the Essays on Noxious Transmutation
 53183 | Desolati | Got the Directory of the Nimbus and Sculpting
 53258 | Desolati | Received a gift from Okawaru
 53618 | Desolati | Got the Secrets of Fallacy
 53620 | Desolati | Identified the amulet "Ebipaawk" {RegenMP rC+}
 53626 | Desolati | Identified the ring "Vyikkoo" {rPois rF+ MP-9 Dex+2}
 54452 | Vaults:1 | Found a transporter.
 54465 | Vaults:1 | Found a transporter.
 54563 | Vaults:1 | Reached skill level 15 in Spellcasting
 54593 | Vaults:1 | Noticed Nikola
 54617 | Vaults:1 | Killed Nikola
 54627 | Vaults:1 | Reached skill level 15 in Fighting
 55123 | Vaults:1 | HP: 33/168 [yaktaur captain (22)]
 55130 | Vaults:1 | HP: 25/168 [yaktaur[a yaktaur captain] (12)]
 55581 | Vaults:1 | Found Most's Antique Weapon Shoppe.
 55852 | Vaults:1 | Received a gift from Okawaru
 56289 | Vaults:2 | Noticed Saint Roka
 56301 | Vaults:2 | Killed Saint Roka
 56654 | Vaults:2 | Reached skill level 15 in Short Blades
 56654 | Vaults:2 | Reached skill level 15 in Long Blades
 56654 | Vaults:2 | Reached skill level 15 in Axes
 56654 | Vaults:2 | Reached skill level 15 in Maces & Flails
 56654 | Vaults:2 | Reached skill level 15 in Polearms
 56654 | Vaults:2 | Reached skill level 15 in Staves
 56654 | Vaults:2 | Reached skill level 15 in Throwing
 56654 | Vaults:2 | Reached skill level 15 in Armour
 56654 | Vaults:2 | Reached skill level 15 in Stealth
 56654 | Vaults:2 | Reached skill level 15 in Shields
 56654 | Vaults:2 | Reached skill level 15 in Unarmed Combat
 56654 | Vaults:2 | Reached skill level 15 in Evocations
 56679 | Vaults:2 | Identified the +1 robe of the Sun {Dex+5}
 56829 | Vaults:2 | Received a gift from Okawaru
 56830 | Vaults:2 | Reached XP level 22. HP: 89/175 MP: 31/41
 57343 | Vaults:2 | Received a gift from Okawaru
 57991 | Vaults:2 | Found Gogim's Assorted Antiques.
 59087 | Vaults:3 | Received a gift from Okawaru
 59567 | Vaults:3 | Found Efuwuava's Book Emporium.
 59579 | Vaults:3 | Learned a level 5 spell: Irradiate
 59604 | Vaults:3 | Received a gift from Okawaru
 59655 | Vaults:3 | Reached skill level 16 in Dodging
 60081 | Vaults:3 | Found a staircase to the Crypt.
 61711 | Vaults:4 | Received a gift from Okawaru
 61712 | Vaults:4 | Reached XP level 23. HP: 154/183 MP: 43/43
 61751 | Vaults:4 | Identified the +0 pair of boots of Oblivion {Drain rC+
                  | SInv} (Okawaru gifted it to you on level 4 of the Vaults)
 61751 | Vaults:4 | Received a gift from Okawaru
 62366 | Vaults:4 | Found a transporter.
 62975 | Vaults:4 | Identified the +0 ring mail "Kuikatio" {Rampage Dex+3}
 63465 | Vaults:4 | Found a transporter.
 63520 | Vaults:4 | Found a bloodstained altar of Trog.
 63520 | Vaults:4 | Found the +8 Wrath of Trog {antimagic, *Rage Rampage}
 63579 | Vaults:4 | Found a runed translucent door.
 63894 | Vaults:4 | Identified the +0 crystal plate armour "Cidgh" {Contam
                  | Slay+5}
 63896 | Vaults:4 | Identified the +5 battleaxe of Buajaos {holy, rF+ Int+3}
 64380 | Orc:2    | Bought the ring of Gamopawk {rF+ rN++ Int-3 SInv} for 525
                  | gold pieces
 64684 | Crypt:1  | Entered Level 1 of the Crypt
 65965 | Crypt:1  | Identified the +7 mace of Xousmuhu {flame, Will+}
 66145 | Crypt:2  | Paralysed by a vampire knight for 2 turns
 66363 | Crypt:2  | Identified the +7 halberd of the Walnut {vorpal, rC++ rN+
                  | Will- Stlth+} (Okawaru gifted it to you on level 2 of the
                  | Crypt)
 66363 | Crypt:2  | Received a gift from Okawaru
 66834 | Crypt:2  | Reached skill level 17 in Dodging
 67120 | Crypt:3  | Entered Level 3 of the Crypt
 67550 | Crypt:3  | Received a gift from Okawaru
 67994 | Crypt:3  | Received a gift from Okawaru
 68346 | Crypt:3  | Reached XP level 24. HP: 187/193 MP: 43/43
 68599 | Crypt:3  | Found a staircase to the Tomb.
 68671 | Crypt:3  | Noticed a dread lich
 68685 | Crypt:3  | Killed a dread lich
 68685 | Crypt:3  | Identified the +10 dire flail of Gamneufo {speed, Will-
                  | rCorr Str+9 Int+9} (Okawaru gifted it to you on level 3 of
                  | the Crypt)
 68685 | Crypt:3  | Received a gift from Okawaru
 68686 | Crypt:3  | Reached skill level 15 in Hexes
 68949 | Crypt:3  | Identified the amulet "Heysk" {rElec rF+ Regen+ Int+3}
 68949 | Crypt:3  | Identified the ring "Paibugg" {rN+ Str+4 Int+2 SInv}
 68949 | Crypt:3  | Identified the ring of Xom's Sleight of Hands {rF- rC+ rN+
                  | Str-5 Int+7}
 68973 | Crypt:3  | Got the Discourse on Poisoning
 68975 | Crypt:3  | Got the Almanac of Unholy Secrets
 69214 | Vaults:1 | Bought a faintly glowing quick blade for 600 gold pieces
 69214 | Vaults:1 | Identified the +2 quick blade "Ysuce" {freeze, rF+ SInv}
                  | (You bought it in a shop on level 1 of the Vaults)
 69216 | Vaults:1 | Bought a jewelled dagger for 210 gold pieces
 69216 | Vaults:1 | Identified the +9 dagger of Vapon {speed, Fragile rF+
                  | Str+4} (You bought it in a shop on level 1 of the Vaults)
 69893 | Depths:1 | Entered Level 1 of the Depths
 69893 | Depths:1 | Found a one-way gateway to a ziggurat.
 69901 | Depths:1 | Noticed Aizul
 69925 | Depths:1 | Killed Aizul
 70057 | Depths:1 | Found a one-way gate leading to the halls of Pandemonium.
 70115 | Depths:1 | Found Xuwub's Distillery.
 70151 | Depths:1 | Bought a potion of curing for 30 gold pieces
 70151 | Depths:1 | Bought a potion of heal wounds for 50 gold pieces
 70151 | Depths:1 | Bought a potion of resistance for 100 gold pieces
 70151 | Depths:1 | Bought a potion of haste for 100 gold pieces
 70151 | Depths:1 | Bought a potion of brilliance for 40 gold pieces
 70279 | Depths:1 | Noticed an ancient lich
 70279 | Depths:1 | Noticed Jase's ghost (veteran GnWn)
 70372 | Depths:1 | Found a gateway to Hell.
 70497 | Depths:1 | Received a gift from Okawaru
 70542 | Depths:1 | Found a runed translucent door.
 70545 | Depths:1 | Found a runed translucent door.
 70587 | Depths:1 | Identified the +1 robe of Ennui {rPois rF+ rN+ Slay+5}
 70776 | Depths:2 | Found a one-way gate to the infinite horrors of the Abyss.
 70896 | Depths:2 | Found a magical portal.
 70907 | WizLab   | Entered Yara's Duelist Academy
 70914 | WizLab   | Received a gift from Okawaru
 70962 | WizLab   | Reached skill level 18 in Dodging
 71124 | WizLab   | Received a gift from Okawaru
 71251 | WizLab   | Noticed Atea
 71268 | WizLab   | Killed Atea the Head Instructor
 71349 | WizLab   | Got Yara's Volume of Interference
 71883 | Depths:2 | Upgraded the game from 0.30-a0-540-g0af01429fa to
                  | 0.30-a0-553-g7fabdf1491
 72935 | D:11     | Bought a scroll of enchant armour for 172 gold pieces
 73734 | Depths:3 | Received a gift from Okawaru
 73734 | Depths:3 | Found the +8 orange crystal plate armour {Archmagi, Int+3
                  | Clar}
 73752 | Depths:3 | Learned a level 2 spell: Passwall
 73892 | Depths:3 | Reached XP level 25. HP: 154/201 MP: 44/44
 74191 | Depths:3 | Identified the +8 mace of Grand Purpose {antimagic, rC+
                  | Str+4}
 74336 | Depths:3 | Noticed the Enchantress
 74341 | Depths:3 | Killed the Enchantress
 74857 | Depths:4 | Entered Level 4 of the Depths
 74871 | Depths:4 | Reached skill level 19 in Dodging
 74962 | Depths:4 | Found a gate to the Realm of Zot.
 75298 | Depths:4 | Identified the +0 helmet of Verukuc {*Corrode rC++ Int+3}
                  | (Okawaru gifted it to you on level 4 of the Depths)
 75298 | Depths:4 | Received a gift from Okawaru
 75975 | Depths:4 | Learned a level 6 spell: Iron Shot
 76052 | Depths:1 | Bought a potion of mutation for 80 gold pieces
 76492 | Depths:1 | Killed an ancient lich
 76500 | Depths:1 | Killed Jase's ghost
 76501 | Depths:1 | Reached skill level 15 in Conjurations
 76501 | Depths:1 | Reached skill level 15 in Summonings
 76501 | Depths:1 | Reached skill level 15 in Necromancy
 76501 | Depths:1 | Reached skill level 15 in Translocations
 76501 | Depths:1 | Reached skill level 15 in Transmutations
 76501 | Depths:1 | Reached skill level 15 in Fire Magic
 76501 | Depths:1 | Reached skill level 15 in Ice Magic
 76501 | Depths:1 | Reached skill level 15 in Air Magic
 76501 | Depths:1 | Reached skill level 15 in Earth Magic
 76501 | Depths:1 | Reached skill level 15 in Poison Magic
 76925 | Vaults:5 | Entered Level 5 of the Vaults
 76926 | Vaults:5 | Noticed an ancient lich
 76930 | Vaults:5 | Identified the ring "Emoaduga" {Fly Str+4}
 76944 | Vaults:5 | Killed an ancient lich
 77259 | Vaults:5 | Reached XP level 26. HP: 200/211 MP: 42/45
 77716 | Vaults:5 | Reached skill level 20 in Dodging
 77963 | Vaults:5 | Identified the ring of Bilih {Wiz rElec MP+9 Str+7}
 77977 | Vaults:5 | Received a gift from Okawaru
 78162 | Vaults:5 | Received a gift from Okawaru
 78176 | Vaults:5 | Identified the +1 lajatang of the Witching Augurer {flame,
                  | rElec Dex+4}
 78195 | Vaults:5 | Noticed Frederick
 78197 | Vaults:5 | Noticed Bai Suzhen
 78200 | Vaults:5 | Identified the +8 spear "Kuce" {vorpal, *Slow Fly rElec
                  | rF-}
 78210 | Vaults:5 | Killed Frederick
 78218 | Vaults:5 | Killed Bai Suzhen
 78402 | Vaults:5 | Got the Lectures on the Chilled Crypt
 78457 | Vaults:5 | Got a silver rune of Zot
 79964 | Slime:1  | Entered Level 1 of the Pits of Slime
 80139 | D:11     | Bought a ring of resist corrosion for 280 gold pieces
 80346 | Slime:2  | Received a gift from Okawaru
 80346 | Slime:2  | Found the +6 Majin-Bo {vamp, MP+6 Int+6}
 80639 | Slime:5  | Entered Level 5 of the Pits of Slime
 80771 | Slime:5  | Found a viscous altar of Jiyva.
 80774 | Slime:5  | Noticed the Royal Jelly
 80788 | Slime:5  | Killed the Royal Jelly
 80918 | Slime:5  | Found the +3 giant club "Skullcrusher" {speed, Str+7}
 80948 | Slime:5  | Got a slimy rune of Zot
 81011 | Slime:5  | Got the Secrets of the Stormy Impact
 81528 | Hell     | Entered the Vestibule of Hell
 81528 | Hell     | Noticed Geryon
 81545 | Hell     | Killed Geryon
 81548 | Hell     | Reached XP level 27. HP: 181/219 MP: 41/45
 81552 | Hell     | Reached skill level 21 in Dodging
 81631 | Hell     | Received a gift from Okawaru
 81639 | Hell     | Received a gift from Okawaru
 81654 | Hell     | Received a gift from Okawaru
 81782 | Hell     | Found a gateway to the freezing wastes of Cocytus.
 81855 | Hell     | Found a gateway to the decaying netherworld of Tartarus.
 81937 | Hell     | Found a gateway to the ashen valley of Gehenna.
 82003 | Hell     | Found a gateway to the Iron City of Dis.
 82448 | D:12     | You paid a toll of a +5 demon blade to enter a treasure
                  | trove
 82449 | Trove    | Entered a treasure trove
 82457 | Trove    | Identified the +1 helmet of Zin, Muttering {rElec rN+ MP+9
                  | Int+3}
 82478 | Trove    | Identified the +1 helmet of Jiloothi {Str+4}
 82554 | D:12     | Learned a level 7 spell: Orb of Destruction
 82862 | Zot:1    | Entered Level 1 of the Realm of Zot
 83579 | Vaults:2 | Bought a scroll of noise for 43 gold pieces
 83579 | Vaults:2 | Bought a potion of curing for 129 gold pieces
 83762 | D:11     | Bought 6 atropa-tipped darts for 43 gold pieces
 83788 | D:11     | Bought a potion of ambrosia for 128 gold pieces
 83788 | D:11     | Bought a potion of ambrosia for 128 gold pieces
 83788 | D:11     | Bought a potion of ambrosia for 128 gold pieces
 83788 | D:11     | Bought a potion of might for 64 gold pieces
 83788 | D:11     | Bought a potion of might for 64 gold pieces
 83788 | D:11     | Bought a potion of brilliance for 64 gold pieces
 84459 | Zot:1    | You fall into a shaft and drop 1 floor!
 84712 | Zot:1    | Identified the +8 quarterstaff "Ygejica" {vorpal, Str-5
                  | Int+3 SInv} (Okawaru gifted it to you on level 1 of the
                  | Realm of Zot)
 84712 | Zot:1    | Received a gift from Okawaru
 85298 | Zot:4    | Identified the +8 mace of Xojelil {pain, *Noise rPois SInv}
 85307 | Zot:4    | HP: 36/217 [purple draconian/bolt of dispelling energy
                  | (27)]
 85556 | Zot:5    | Entered Level 5 of the Realm of Zot
 86453 | Zot:3    | HP: 43/221 [something (3)]
 86458 | Zot:3    | HP: 32/221 [poison (poison gas)]
 86463 | Zot:3    | HP: 33/221 [poison (poison gas)]
 86784 | Zot:3    | Identified the +0 ring mail "Kedetwal" {rF- rCorr Int+3}
                  | (Okawaru gifted it to you on level 3 of the Realm of Zot)
 86784 | Zot:3    | Received a gift from Okawaru
 86814 | Zot:3    | Found the +4 dragonskin cloak
 86814 | Zot:3    | Noticed Tiamat
 87099 | Zot:3    | Reached skill level 22 in Dodging
 87149 | Zot:3    | Killed Tiamat
 87878 | Zot:2    | Found the +10 tower shield of Ignorance {rN+ Int-4}
 88871 | Zot:5    | Got the Tractate on the Terrestrial Figure
 89228 | Zot:5    | Noticed an orb of fire
 89230 | Zot:5    | Noticed an orb of fire
 89230 | Zot:5    | Noticed an orb of fire
 89232 | Zot:5    | Noticed an orb of fire
 89232 | Zot:5    | Noticed an orb of fire
 89233 | Zot:5    | Noticed an orb of fire
 89234 | Zot:5    | Noticed an orb of fire
 89235 | Zot:5    | Noticed an orb of fire
 89238 | Zot:5    | Killed an orb of fire
 89238 | Zot:5    | Gained mutation: You occasionally lose the ability to read
                  | scrolls when taking damage. [an orb of fire]
 89239 | Zot:5    | Killed an orb of fire
 89239 | Zot:5    | Killed an orb of fire
 89239 | Zot:5    | Gained mutation: You are clumsy. (Dex -2) [an orb of fire]
 89240 | Zot:5    | Gained mutation: You are vulnerable to cold. (rC-) [an orb
                  | of fire]
 89241 | Zot:5    | Killed an orb of fire
 89241 | Zot:5    | Killed an orb of fire
 89242 | Zot:5    | Killed an orb of fire
 89242 | Zot:5    | Noticed an orb of fire
 89243 | Zot:5    | Killed an orb of fire
 89243 | Zot:5    | Gained mutation: Your body sometimes deteriorates upon
                  | taking damage. [an orb of fire]
 89244 | Zot:5    | Killed an orb of fire
 89248 | Zot:5    | Noticed a dread lich
 89249 | Zot:5    | Killed an orb of fire
 89378 | Zot:5    | Killed a dread lich
 89378 | Zot:5    | Received a gift from Okawaru
 89497 | Zot:5    | Noticed an orb of fire
 89500 | Zot:5    | Gained mutation: You are weak. (Str -2) [an orb of fire]
 89516 | Zot:5    | Gained mutation: You sometimes lose the ability to read
                  | scrolls when taking damage. [an orb of fire]
 89519 | Zot:5    | Killed an orb of fire
 89519 | Zot:5    | Received a gift from Okawaru
 89545 | Zot:5    | Noticed a dread lich
 89546 | Zot:5    | Killed a dread lich
 89549 | Zot:5    | Killed an ancient lich
 89549 | Zot:5    | Received a gift from Okawaru
 89554 | Zot:5    | Noticed an orb of fire
 89556 | Zot:5    | Noticed a dread lich
 89562 | Zot:5    | Killed a dread lich
 89563 | Zot:5    | Killed an orb of fire
 89571 | Zot:5    | Reached skill level 23 in Dodging
 89573 | Zot:5    | Noticed a dread lich
 89582 | Zot:5    | Killed a dread lich
 91000 | Depths:3 | Learned a level 5 spell: Fireball
 92478 | Zot:5    | Lost mutation: You are clumsy. (Dex -2) [potion of
                  | mutation]
 92478 | Zot:5    | Lost mutation: You sometimes lose the ability to read
                  | scrolls when taking damage. [potion of mutation]
 92478 | Zot:5    | Gained mutation: You have hidden genetic defects. [potion
                  | of mutation]
 92478 | Zot:5    | Gained mutation: You are partially covered in iridescent
                  | scales. (AC +2) [potion of mutation]
 92478 | Zot:5    | Gained mutation: You have large cloven feet. [potion of
                  | mutation]
 92479 | Zot:5    | Lost mutation: You occasionally lose the ability to read
                  | scrolls when taking damage. [potion of mutation]
 92479 | Zot:5    | Lost mutation: You have hidden genetic defects. [potion of
                  | mutation]
 92479 | Zot:5    | Gained mutation: You have hoof-like feet. [potion of
                  | mutation]
 92479 | Zot:5    | Gained mutation: You have hooves in place of feet. [potion
                  | of mutation]
 92480 | Zot:5    | Got the Orb of Zot
 93004 | D:$      | Escaped with the Orb!

Illustrated notes

Levels and vault maps discovered:
D:1:      erik_arrival_cave_to_civilisation [erik_arrival_cave_to_hall],
          layout_basic, hex_intersection
D:2:      layout_loops_ring
D:3:      layout_rooms, mainiacjoe_overflow_chevrons, minmay_misc_feat_ornament,
          kennysheep_generic_room_16
D:4:      layout_rooms, lemuel_doored_altar, tgw_xom,
          nicolae_wu_jian_glorious_leap, nicolae_ossuary_entry_plus,
          nrook_campfire
D:5:      layout_cave_pools, grunt_gozag_statues, minmay_temple_entry_junction_2
D:6:      layout_basic, elyvilon_altar_5, chei_slow_surprise, uniq_menkaure
D:7:      layout_loops_ring, grunt_dithmenos_shadows, gammafunk_ghost_smash
D:8:      layout_cave_pools, trog_hazing_becter, chequers_serial_rivers_micro_a,
          disabler_island
D:9:      layout_gridville, tso_metal_star, due_lair_maze_entry_diamond
D:10:     layout_loops_ring, mainiacjoe_overflow_cross_hatched,
          solitary_fountain, uniq_urug, uniq_psyche, uniq_lodul, uniq_maggie
D:11:     layout_stronghold, orc_0_dummy, serial_shops,
          nicolae_shop_window_shopping, shop, nicolae_take_the_stairs,
          nicolae_shop_hallway_stairs, nicolae_stop_n_shop_1
D:12:     layout_roguey, nicolae_trove_entry_path_of_doom,
          grunt_decor_arrowhead, chequers_serial_rivers_micro_a, uniq_sonja
D:13:     layout_basic, david_vaults_5, chequers_serial_rivers_room_a,
          minmay_puff, uniq_frances
D:14:     layout_long_grid, nicolae_fountain_basement
D:15:     grunt_enter_depths_hoard, layout_loops_corners, okawaru_trees_2,
          einodemon_armed_red_devil_minivault
Temple:   chequers_temple_sunken
Lair:1:   layout_regular_city, amcnicky_mini_pool_medium, uniq_joseph
Lair:2:   layout_regular_city, minmay_swamp_entry_worms,
          nicolae_spider_entry_tight_spaces, cheibrodos_lair_caveside_slide,
          serial_bayou_shore_a
Lair:3:   layout_loops_ring, hellmonk_ghost_happy_afterlife
Lair:4:   layout_gridlike
Lair:5:   gammafunk_lair_ancient_temple, layout_small_grid, slime_entry_1,
          chequers_serial_rivers_micro_a
Swamp:1:  layout_basic_swamp, hangedman_swamp_diagram, infiniplex_staircase_pool
Swamp:2:  layout_basic_swamp, nicolae_swamp_treefoil, swamp_pool1
Swamp:3:  cheibrodos_swamp_monstrosity, layout_basic_swamp,
          evilmike_swamp_ruin_house_6, swamp_pool3, st_swamp_mini
Swamp:4:  swamp_basic_johnstein, layout_basic_swamp
Spider:1: layout_spider_delve, drop_trap, uniq_mlioglotl, uniq_josephine
Spider:2: layout_cave_pods
Spider:3: lemuel_spider_zombies, uniq_arachne
Spider:4: floodkiller_spider_rune_tomb
Slime:1:  nicolae_slime_pool, layout_caves
Slime:2:  layout_caves, cheibrodos_slime_lost_civilization_6
Slime:3:  layout_caves
Slime:4:  layout_caves
Slime:5
Orc:1:    layout_caves, serial_shops, shop_statue, enter_volcano_3,
          nicolae_orc_stony_grotto, hellmonk_bongcloud_opening, uniq_maurice
Orc:2:    st_orc_rangers, layout_diamond_mine, serial_shops,
          nicolae_shop_crystal, mines2_david
Elf:1:    layout_gridlike, serial_shops, nicolae_shop_bloodbath_and_beyond,
          minmay_elf_necromancy, dk_noncrumbling_4, minmay_shop_mass,
          grunt_megastairs_3
Elf:2:    nicolae_elf_blades_splatter_lattice [nicolae_blade_entry_antechamber],
          layout_gridlike, serial_corexii_hall, corexii_hall_statues_s,
          corexii_hall_statues_l, corexii_hall_statues_deadend,
          chequers_hall_statues_y, chequers_hall_statues_wall_a,
          corexii_hall_statues_s
Elf:3:    grunt_elf_hall_spiral, layout_loops_corners, serial_shops, shop,
          columned_hall_lemuel, hex_medium
Vaults:1: portal_desolation_entry_twin_temple, gammafunk_sealed_arena,
          hangedman_vaults_variations, ontoclasm_vaults_hangar,
          hangedman_vaults_impose, hangedman_vaults_restitches,
          hangedman_vaults_snaps, nicolae_vaults_mini_display_case,
          layout_vaults_chaotic_city, serial_shops, nicolae_shop_hallway_stairs,
          serial_glass, uniq_nikola
Vaults:2: vaults_room_large_hall, vaults_room_hallway, v_pattern_5, v_misc_27,
          ontoclasm_vaults_eye, vaults_standard_mumra_enter_the_diamond,
          nicolae_vaults_yaktaur_gun_rack, vaults_room_door_hall,
          layout_vaults_omnigrid, serial_shops, nicolae_shop_behind_doors,
          uniq_saint_roka
Vaults:3: hangedman_vaults_pinch, minmay_crypt_entry_simple_plaza,
          ontoclasm_vaults_spin, nicolae_vaults_what_the_h, vaults_room_grid,
          nicolae_vaults_circle_grid_a, grunt_vaults_bifocal, v_alt_pattern_3,
          nicolae_vaults_gold_heap, hangedman_vaults_slice,
          ontoclasm_vaults_ligature, v_rooms_3, vaults_dpeg_emergency_exit,
          layout_vaults_omnibox, serial_shops, nicolae_shop_statue_plus
Vaults:4: ontoclasm_vaults_ring_small, v_rooms_1, vaults_mumra_chevron_long,
          nicolae_vaults_triangles, nicolae_vaults_three_branches,
          emtedronai_trogs_sanctum, vaults_room_ringed_pool,
          hangedman_vaults_restitches, nicolae_vaults_bisected_slash,
          vaults_mumra_minichess, hangedman_vaults_restitches,
          ontoclasm_vaults_misaligned, v_misc_17, vaults_dpeg_hooks,
          layout_vaults_maze, serial_shops
Vaults:5: serial_shops, uniq_bai_suzhen, uniq_frederick
Crypt:1:  layout_misc_corridors, feat_on_display, grunt_crypt_arrival_split,
          roderic_lattice_octagonal_star
Crypt:2:  layout_chaotic_city, st_stairs_14
Crypt:3:  david_glass_crypt, layout_rooms, nicolae_tomb_entry_rubble_hallway
Depths:1: layout_cave_pools, enter_ziggurat_f, pf_vacation_house_of_asmodeus,
          dk_noncrumbling_3, muffindrake_ghost_dual_entry, serial_shops, shop,
          pan_entry, fake_guardian_serpent_vault, uniq_aizul
Depths:2: kennysheep_bubble_arena, layout_cave_shapes, minmay_misc_feat_doors,
          grunt_hell_entry_dis_old, pan_entry, abyss_entry, mu_enter_wizlab_2,
          grunt_ministairs_10, patterned_corridor
Depths:3: grunt_forest_end_chambers, layout_gridville,
          chequers_serial_rivers_micro_e, minmay_room_of_horrors,
          hangedman_coc_ice_floe, infiniplex_staircase_zigzag_2
Depths:4: grunt_crosshair, layout_gridville, hell_entry, abyss_entry_glasseish
Hell
Zot:1:    layout_onion, st_stairs_7, grunt_megastairs_2
Zot:2:    layout_gridlike, skrybe_zot_glass_3
Zot:3:    layout_concentric_octagons, st_stairs_1, uniq_tiamat
Zot:4:    layout_cathedral_of_symmetry
Zot:5:    layout_gridlike, guppyfry_library_mini

Skill      XL: |  1  2  3  4  5  6  7  8  9 10 11 12 13 14 15 16 17 18 19 20 21 22 23 24 25 26 27 |
---------------+----------------------------------------------------------------------------------+-----
Invocations    | 1 2 3 4 5 6 7 8 9 11 12 13 14 15 16 17 18 19 20 21 | 21.5
Short Blades   | 1 2 3 5 6 7 8 9 10 11 12 13 14 15 16 17 18 21 | 21.5
Long Blades    | 1 2 3 5 6 7 8 9 10 11 12 13 14 15 16 17 18 20 | 20.0
Axes           | 1 2 3 5 6 7 8 9 10 11 12 13 14 15 16 17 18 20 | 20.0
Maces & Flails | 1 2 3 5 6 7 8 9 10 11 12 13 14 15 16 17 18 20 | 20.0
Polearms       | 1 2 3 5 6 7 8 9 10 11 12 13 14 15 16 17 18 20 | 20.0
Staves         | 1 2 3 5 6 7 8 9 10 11 12 13 14 15 16 17 18 20 | 20.0
Throwing       | 1 2 3 5 6 7 8 9 10 11 12 13 14 15 16 17 18 20 | 20.0
Armour         | 1 2 3 5 6 7 8 9 10 11 12 13 14 15 16 17 18 20 | 20.0
Stealth        | 1 2 3 5 6 7 8 9 10 11 12 13 14 15 16 17 18 20 | 20.0
Shields        | 1 2 3 5 6 7 8 9 10 11 12 13 14 15 16 17 18 20 | 20.0
Unarmed Combat | 1 2 3 5 6 7 8 9 10 11 12 13 14 15 16 17 18 20 | 20.0
Evocations     | 1 2 3 5 6 7 8 9 10 11 12 13 14 15 16 17 18 20 | 20.0
Spellcasting   | 3 4 5 6 7 8 9 10 11 12 13 14 15 16 17 18 20 | 20.1
Conjurations   | 1 2 3 4 5 6 7 8 9 10 11 12 13 14 15 17 | 17.0
Summonings     | 1 2 3 4 5 6 7 8 9 10 11 12 13 14 15 17 | 17.0
Necromancy     | 1 2 3 4 5 6 7 8 9 10 11 12 13 14 15 17 | 17.0
Translocations | 1 2 3 4 5 6 7 8 9 10 11 12 13 14 15 17 | 17.0
Transmutations | 1 2 3 4 5 6 7 8 9 10 11 12 13 14 15 17 | 17.0
Fire Magic     | 1 2 3 4 5 6 7 8 9 10 11 12 13 14 15 17 | 17.0
Ice Magic      | 1 2 3 4 5 6 7 8 9 10 11 12 13 14 15 17 | 17.0
Air Magic      | 1 2 3 4 5 6 7 8 9 10 11 12 13 14 15 17 | 17.0
Earth Magic    | 1 2 3 4 5 6 7 8 9 10 11 12 13 14 15 17 | 17.0
Poison Magic   | 1 2 3 4 5 6 7 8 9 10 11 12 13 14 15 17 | 17.0
Fighting       | 3 4 5 6 7 8 9 10 11 12 13 14 15 16 17 18 20 | 20.1
Ranged Weapons | 5 6 7 8 9 10 11 12 13 14 15 16 17 18 20 | 20.4
Dodging        | 5 6 7 8 9 10 11 12 13 14 15 16 17 18 19 20 23 | 23.4
Hexes          | 6 7 8 9 10 11 12 13 14 15 16 17 | 17.8

Action                   |  1- 3 |  4- 6 |  7- 9 | 10-12 | 13-15 | 16-18 | 19-21 | 22-24 | 25-27 || total
-------------------------+-------+-------+-------+-------+-------+-------+-------+-------+-------++-------
Melee: Short sword       |     3 |   154 |   230 |   730 |   932 |       |       |       |       ||  2049
       Bite              |     1 |    24 |    48 |   110 |   215 |   150 |   154 |   215 |   245 ||  1162
       Punch             |       |     5 |       |       |       |       |       |       |       ||     5
       Rapier            |       |       |    59 |    40 |     8 |       |       |       |       ||   107
       Spear             |       |       |       |    51 |       |       |       |       |       ||    51
       Dagger            |       |       |       |    18 |       |       |       |       |       ||    18
       Broad axe         |       |       |       |    11 |   170 |   932 |   839 |  1000 |  1110 ||  4062
       Unarmed           |       |       |       |       |     2 |       |       |       |       ||     2
       Scimitar          |       |       |       |       |       |    41 |    21 |       |       ||    62
       Kick              |       |       |       |       |       |       |       |       |     4 ||     4
 Fire: Sling             |   131 |   108 |   164 |   278 |   279 |    49 |       |       |       ||  1009
       Hand crossbow     |       |       |       |       |       |    91 |   379 |   536 |   319 ||  1325
Throw: Dart              |       |     2 |     7 |    41 |    81 |   113 |     6 |    18 |    39 ||   307
       Stone             |       |       |    12 |     7 |       |       |       |       |       ||    19
       Javelin           |       |       |       |     1 |       |     7 |    10 |       |    60 ||    78
       Boomerang         |       |       |       |       |    32 |   392 |    22 |    69 |   205 ||   720
 Cast: Slow              |       |     4 |     4 |    20 |    14 |       |       |       |       ||    42
       Wereblood         |       |     3 |     1 |     8 |     3 |    22 |    33 |    38 |    17 ||   125
       Inner Flame       |       |       |     2 |    28 |     9 |     3 |       |       |       ||    42
       Apportation       |       |       |       |     6 |     1 |       |       |       |     4 ||    11
       Cause Fear        |       |       |       |     4 |     1 |       |       |       |       ||     5
       Dispel Undead     |       |       |       |       |     4 |     1 |       |    12 |    19 ||    36
       Lee's Rapid Decon |       |       |       |       |    19 |    19 |    75 |    74 |    22 ||   209
       Frozen Ramparts   |       |       |       |       |       |    25 |    41 |    35 |    39 ||   140
       Yara's Violent Un |       |       |       |       |       |     9 |    17 |    26 |    19 ||    71
       Alistair's Intoxi |       |       |       |       |       |     2 |     2 |     1 |     1 ||     6
       Borgnjor's Vile C |       |       |       |       |       |       |    13 |     5 |    18 ||    36
       Fireball          |       |       |       |       |       |       |       |       |    14 ||    14
       Iron Shot         |       |       |       |       |       |       |       |       |     5 ||     5
       Irradiate         |       |       |       |       |       |       |       |       |     3 ||     3
Invok: Heroism           |       |       |       |     7 |    10 |     9 |     3 |     2 |     8 ||    39
       Finesse           |       |       |       |     1 |     1 |     2 |     1 |     1 |     5 ||    11
Evoke: Wand              |       |       |       |     7 |    12 |    32 |    22 |    15 |    50 ||   138
       Condenser vane    |       |       |       |     1 |     2 |     6 |     4 |       |    12 ||    25
       Lightning rod     |       |       |       |       |       |     7 |     7 |       |    12 ||    26
       Tin of tremorston |       |       |       |       |       |       |     5 |     8 |    21 ||    34
       Phial of floods   |       |       |       |       |       |       |     1 |       |       ||     1
  Use: Scroll            |     1 |     6 |     4 |     7 |    12 |     3 |     3 |     9 |    18 ||    63
       Potion            |       |     1 |     1 |       |     1 |     2 |     2 |     1 |     7 ||    15
 Stab: Paralysed         |       |       |       |     2 |       |       |       |       |     2 ||     4
       Sleeping          |       |       |       |       |     8 |     2 |     1 |     5 |     1 ||    17
       Distracted        |       |       |       |       |     1 |     1 |       |       |     1 ||     3
       Held in net/web   |       |       |       |       |       |     3 |     3 |       |       ||     6
       Confused          |       |       |       |       |       |     1 |       |     1 |       ||     2
       Invisible         |       |       |       |       |       |       |       |       |     1 ||     1
Armor: Robe              |     5 |     1 |       |       |       |       |       |       |       ||     6
       Leather armour    |       |    56 |    47 |    55 |       |       |       |       |       ||   158
       Ring mail         |       |       |       |   100 |   210 |   260 |   217 |   194 |       ||   981
       Gold dragon scale |       |       |       |       |       |       |       |    11 |       ||    11
       Crystal plate arm |       |       |       |       |       |       |       |     5 |   363 ||   368
Dodge: Dodged            |    43 |   135 |   175 |   459 |   499 |  1278 |   978 |  1017 |   887 ||  5471
Block: Buckler           |       |     5 |   135 |   519 |   566 |  1085 |   763 |   586 |       ||  3659
       Reflection        |       |     1 |     3 |     4 |    12 |    97 |    34 |    65 |    23 ||   239
       Kite shield       |       |       |       |       |       |       |       |   218 |   865 ||  1083

Table legend: (Time is in decaauts)
 A = Elapsed time spent in this place.
 B = Non-inter-level travel time spent in this place.
 C = Inter-level travel time spent in this place.
 D = Time resting spent in this place.
 E = Time spent auto-exploring this place.
 F = Levels seen in this place.
 G = Mean time per level.
                   A        B        C        D        E       F      G
               +--------+--------+--------+--------+--------+-----+--------+
         Total |  91915 |  74371 |  17544 |  17279 |  37592 |  62 | 1482.5 |
       Dungeon |  25142 |  17033 |   8109 |   2237 |  10884 |  15 | 1676.1 |
        Temple |    270 |    217 |     53 |      0 |    208 |   1 |  270.0 |
          Lair |  11341 |   9787 |   1554 |   3212 |   4368 |   5 | 2268.2 |
         Swamp |   4462 |   4211 |    251 |   1353 |   1866 |   4 | 1115.5 |
   Spider Nest |   6931 |   6001 |    930 |   1780 |   2695 |   4 | 1732.8 |
    Slime Pits |    903 |    816 |     87 |    343 |      7 |   5 |  180.6 |
  Orcish Mines |   2719 |   2003 |    716 |     51 |   1250 |   2 | 1359.5 |
   Elven Halls |   6172 |   5655 |    517 |   1837 |   2746 |   3 | 2057.3 |
        Vaults |  13365 |  10772 |   2593 |   2688 |   5165 |   5 | 2673.0 |
         Crypt |   3842 |   3597 |    245 |   1272 |   1575 |   3 | 1280.7 |
        Depths |   5896 |   4728 |   1168 |    536 |   2660 |   4 | 1474.0 |
          Hell |    491 |    473 |     18 |     22 |    287 |   1 |  491.0 |
           Zot |   7437 |   6140 |   1297 |   1248 |   3239 |   5 | 1487.4 |
         Trove |     54 |     54 |      0 |      0 |      0 |   1 |   54.0 |
       Ossuary |    307 |    307 |      0 |     46 |     19 |   1 |  307.0 |
       Volcano |    627 |    627 |      0 |    203 |      0 |   1 |  627.0 |
        Wizlab |    471 |    471 |      0 |     47 |     15 |   1 |  471.0 |
    Desolation |   1475 |   1475 |      0 |    401 |    605 |   1 | 1475.0 |
               +--------+--------+--------+--------+--------+-----+--------+

Top non-repeatable levels by time:
  Lair:5: 3171 daAuts
Vaults:4: 3116 daAuts
  Lair:2: 3005 daAuts
Spider:4: 2984 daAuts
Vaults:2: 2937 daAuts
Vaults:1: 2848 daAuts
    D:13: 2781 daAuts
    D:15: 2595 daAuts
   Elf:3: 2521 daAuts
    D:10: 2430 daAuts
  Lair:1: 2415 daAuts
    D:12: 2374 daAuts
Vaults:3: 2339 daAuts
   Elf:2: 2190 daAuts
Vaults:5: 2122 daAuts
